 Dungeon Crawl Stone Soup version 0.15-a0-60-g2d7d1c5 (webtiles) character file.

622 Heini the Cudgeler (level 6, -1/56 HPs)
             Began as a Minotaur Berserker on Apr 6, 2014.
             Was a Priest of Trog.
             Slain by a gnoll
             ... wielding a +2,+1 halberd
              (13 damage)
             ... on Level 4 of the Dungeon.
             The game lasted 00:12:28 (3248 turns).

Heini the Cudgeler (Minotaur Berserker)             Turns: 3248, Time: 00:12:28

HP  -1/56        AC  7     Str 24      XL: 6   Next: 43%
MP   3/3         EV  7     Int  4      God: Trog [***...]
Gold 249         SH  0     Dex  9      Spells:  0 memorised,  5 levels left

rFire  . . .     SeeInvis .     i - +0,+2 flail
rCold  . . .     Clarity  .     t - -2 chain mail (curse)
rNeg   . . .     Conserve .     (no shield)
rPois  .         rCorr    .     (helmet restricted)
rElec  .         rRot     .     (no cloak)
SustAb . .       Spirit   .     (no gloves)
rMut   .         Warding  .     (no boots)
Saprov . . .     Stasis   .     (no amulet)
MR     .....                    (no ring)
                                (no ring)

@: not resistant to hostile enchantments, extremely unstealthy
A: retaliatory headbutt, horns 2
a: Burn Spellbooks, Berserk, Trog's Hand, Renounce Religion


You were on level 4 of the Dungeon.
You worshipped Trog.
Trog was most pleased with you.
You were not hungry.

You visited 1 branch of the dungeon, and saw 4 of its levels.

You collected 249 gold pieces.

Inventory:

Hand weapons
 a - a +0,+0 mace
 i - a +0,+2 flail (weapon)
Missiles
 p - 20 stones (quivered)
Armour
 b - a +0 animal skin
 f - a +0 leather armour
 t - a cursed -2 chain mail (worn)
Comestibles
 c - a bread ration
 h - 2 apples
 l - a chunk of hound flesh
 n - 2 pears
 o - a meat ration
 r - a rotting chunk of quokka flesh
 s - a rotting chunk of jackal flesh
Scrolls
 q - 2 scrolls of recharging
Jewellery
 e - an uncursed ring of sustenance {unknown}
 g - an uncursed ring of protection from fire {unknown}
Potions
 d - a potion of restore abilities {unknown}
 j - 2 potions of curing {unknown}
 k - 2 potions of magic
 m - a potion of degeneration {unknown}
 u - a potion of might {unknown}


   Skills:
 * Level 5.5 Fighting
 * Level 6.5 Maces & Flails
 * Level 3.7 Armour
 + Level 3.3 Dodging


You had 5 spell levels left.
You didn't know any spells.

Dungeon Overview and Level Annotations

Branches:
Dungeon (4/15)
 Temple: D:4-7

Altars:
Nemelex Xobeh


Innate Abilities, Weirdness & Mutations

You reflexively headbutt those who attack you in melee.
You have a pair of horns on your head.


Message History

You hit the gnoll.
The gnoll is moderately wounded.
The gnoll hits you from afar with a halberd.
The gnoll hits you but does no damage. The gnoll barely misses you.
You furiously retaliate!
You headbutt the gnoll! The gnoll closely misses you.
You hit the gnoll.
You kill the gnoll!
Trog accepts your kill.
The gnoll hits you but does no damage. x2
The gnoll barely misses you.
The gnoll hits you from afar with a halberd.
The gnoll hits you with a whip of freezing.
The gnoll freezes you. The gnoll barely misses you. x2
The gnoll hits you with a whip of freezing.
The gnoll freezes you.
The gnoll hits you from afar with a halberd!
* * * LOW HITPOINT WARNING * * *
The gnoll hits you from afar with a halberd!
You die...

# ##++## ######
#######....#######g.(..#
'.....'....'....@gg....#
#######....#######g....#
#######''''#############
.................
≈≈≈≈≈≈....≈≈≈≈≈≈≈≈
≈≈≈≈≈≈≈....≈≈≈≈≈≈≈≈
≈≈≈≈≈≈≈...)≈≈≈≈≈≈≈≈
...................
...................


You could see 4 gnolls.

Vanquished Creatures
  A sky beast (D:3)
  A hound (D:4)
  An orc priest (D:3)
  7 gnolls
  An inept feature mimic (D:2)
  3 adders
  A giant mite (D:2)
  3 worms (D:2)
  A giant gecko (D:1)
  7 orcs (D:3)
  5 giant cockroaches
  7 hobgoblins
  11 kobolds
  A quokka (D:4)
  3 ball pythons
  2 bats
  6 giant newts
  13 goblins
  7 jackals
  8 rats
89 creatures vanquished.

Notes
Turn   | Place    | Note
--------------------------------------------------------------
     0 | D:1      | Heini, the Minotaur Berserker, began the quest for the Orb.
     0 | D:1      | Reached XP level 1. HP: 19/19 MP: 1/1
   228 | D:1      | Reached XP level 2. HP: 21/27 MP: 1/1
   237 | D:1      | Reached skill level 4 in Fighting
   427 | D:1      | Acquired Trog's second power
   701 | D:2      | Reached XP level 3. HP: 18/33 MP: 2/2
   997 | D:2      | Reached skill level 5 in Maces & Flails
  1001 | D:2      | Reached XP level 4. HP: 21/41 MP: 2/2
  1161 | D:2      | Found a sparkling altar of Nemelex Xobeh.
  1410 | D:2      | Reached XP level 5. HP: 44/47 MP: 2/2
  1714 | D:3      | Reached skill level 5 in Fighting
  1936 | D:3      | Noticed a sky beast
  1951 | D:3      | HP: 1/48 [something (5)]
  1955 | D:3      | Killed a sky beast
  1955 | D:3      | Reached skill level 6 in Maces & Flails
  1955 | D:3      | Reached XP level 6. HP: 1/56 MP: 3/3
  3218 | D:4      | Noticed a gargoyle
  3248 | D:4      | Slain by a gnoll

Action                   |  1- 3 |  4- 6 || total
-------------------------+-------+-------++-------
Melee: Mace              |    69 |    88 ||   157
       Flail             |       |    33 ||    33
Invok: Berserk           |     1 |     2 ||     3
  Use: Scroll            |       |     6 ||     6
